 Dungeon Crawl Stone Soup version 0.20.1-1-g8b1a95d (webtiles) character file.

3143 Folque the Thaumaturge (level 9, -3/58 HPs)
             Began as an Octopode Wizard on Oct 29, 2017.
             Was a Follower of Vehumet.
             Slain by a two-headed ogre
             ... wielding a cursed +0 giant spiked club
              (16 damage)
             ... on level 8 of the Dungeon.
             The game lasted 01:05:31 (8300 turns).

Folque the Thaumaturge (Octopode Wizard)            Turns: 8300, Time: 01:05:31

Health: -3/58      AC:  2    Str:  8    XL:     9   Next: 93%
Magic:  6/21       EV: 13    Int: 24    God:    Vehumet [*.....]
Gold:   472        SH:  0    Dex: 10    Spells: 4/24 levels left

rFire    + . .     SeeInvis .   N - +0 halberd (chop)
rCold    x . .     Gourm    .   (shield currently unavailable)
rNeg     . . .     Faith    .   a - +1 hat
rPois    .         Spirit   .   t - amulet of regeneration
rElec    .         Reflect  .   g - ring of fire
rCorr    .         Harm     .   u - +2 ring of strength
MR       .....                  (no ring)
Stlth    +++.......             (no ring)
Regen    0.6/turn               (no ring)
MPRegen  0.2/turn               (no ring)
                                (no ring)
                                (no ring)

@: no status effects
A: almost no armour, stealthy swim, amphibious, 8 rings, constrict 8, camouflage
1, gelatinous body 1
a: Renounce Religion


You were on level 8 of the Dungeon.
You worshipped Vehumet.
Vehumet was aware of your devotion.
You were hungry.

You visited 2 branches of the dungeon, and saw 9 of its levels.

You collected 472 gold pieces.

Inventory:

Hand Weapons
 o - a +2 dagger of venom
 A - a +0 spear of venom
 N - a +0 halberd of chopping (weapon)
Missiles
 E - 2 throwing nets (quivered)
Armour
 a - a +1 hat (worn)
Jewellery
 g - a ring of fire (left tentacle)
 t - an amulet of regeneration (around mantle)
 u - a +2 ring of strength (right tentacle)
 M - an uncursed amulet of harm {unknown}
Wands
 p - a wand of paralysis (15/24)
 F - a wand of iceblast (6/15)
Scrolls
 e - 3 scrolls of amnesia
 j - a scroll of enchant weapon {unknown}
 l - a scroll of vulnerability {unknown}
 n - 4 scrolls of teleportation
 r - a scroll of fear {unknown}
 v - 6 scrolls of identify
 y - a scroll of fog {unknown}
 I - 2 scrolls of remove curse {unknown}
 J - a scroll of immolation {unknown}
 K - a scroll of recharging
Potions
 d - 2 potions of berserk rage
 f - 2 potions of mutation {unknown}
 h - 2 potions of heal wounds
 i - a potion of flight {unknown}
 m - 3 potions of curing {unknown}
 s - a potion of brilliance {unknown}
 C - 2 potions of haste
 G - a potion of agility {unknown}
Books
 b - a book of Minor Magic

   Spells                             Type                      Level
   a - Magic Dart                     Conjuration                  1
   b - Blink                          Translocation                2
   c - Call Imp                       Summoning                    2
   d - Slow                           Hexes                        2
   e - Conjure Flame                  Conjuration/Fire             3
   f - Mephitic Cloud                 Conjuration/Poison/Air       3
 w - a book of Changes

   Spells                             Type                      Level
   a - Beastly Appendage              Transmutation                1
   b - Sticks to Snakes               Transmutation                2
   c - Spider Form                    Transmutation/Poison         3
   d - Ice Form                       Ice/Transmutation            4
   e - Blade Hands                    Transmutation                5
 D - a book of Frost

   Spells                             Type                      Level
   a - Freeze                         Ice                          1
   b - Throw Frost                    Conjuration/Ice              2
   c - Ozocubu's Armour               Charms/Ice                   3
   d - Throw Icicle                   Conjuration/Ice              4
   e - Summon Ice Beast               Ice/Summoning                4
Comestibles
 c - 2 bread rations
 k - 4 royal jellies
 z - 2 meat rations
 B - 7 fruits


   Skills:
 - Level 4.1 Fighting
 - Level 2.5 Polearms
 - Level 2.0 Dodging
 - Level 2.6 Stealth
 + Level 8.2 Spellcasting
 - Level 5.5 Conjurations
 - Level 4.6 Summonings
 - Level 1.0 Translocations
 - Level 5.0 Ice Magic
 - Level 3.1 Poison Magic


You had 4 spell levels left.
You knew the following spells:

 Your Spells              Type           Power        Failure   Level  Hunger
a - Magic Dart            Conj           ####         1%          1    None
b - Call Imp              Summ           ####....     1%          2    None
c - Blink                 Tloc           N/A          6%          2    None
d - Mephitic Cloud        Conj/Pois/Air  ###.....     6%          3    None
e - Spider Form           Tmut/Pois      ###.......   10%         3    None
f - Summon Ice Beast      Ice/Summ       ####....     9%          4    ##.....
g - Throw Icicle          Conj/Ice       #####...     7%          4    ##.....
h - Shock                 Conj/Air       ###.         1%          1    None


Dungeon Overview and Level Annotations

Branches:
Dungeon (8/15)             Temple (1/1) D:6
   Lair: D:8-11

Altars:
Ashenzari
Cheibriados
Dithmenos
Elyvilon
Fedhas
Gozag
Hepliaklqana
Kikubaaqudgha
Makhleb
Nemelex Xobeh
Okawaru
Qazlal
Ru
Sif Muna
Trog
Vehumet
Xom
Yredelemnul
Zin
The Shining One

Shops:
D:4 *

Annotations:
D:8 Joseph


Innate Abilities, Weirdness & Mutations

You cannot wear most types of armour.
You are very stealthy in the water. (Stealth+)
You are amphibious.
You can wear up to eight rings at the same time.
You can use your tentacles to constrict eight enemies at once.
Your skin changes colour to match your surroundings (Stealth+).
Your rubbery body absorbs attacks. (AC +1, EV +1)


Message History

The two-headed ogre easily resists.
Evoking this partially-identified wand wasted a few charges.
The two-headed ogre closely misses you.
The two-headed ogre hits you with a giant spiked club!!
Aiming: Paralyse (will waste charges)
Press: ? - help, Shift-Dir - straight line, f/p - two-headed ogre
Aim: a two-headed ogre, wielding two giant spiked clubs (chance to defeat MR: 28%)
The two-headed ogre easily resists.
Evoking this partially-identified wand wasted a few charges.
The two-headed ogre misses you. The two-headed ogre closely misses you.
Aiming: Paralyse (will waste charges)
Press: ? - help, Shift-Dir - straight line, f/p - two-headed ogre
Aim: a two-headed ogre, wielding two giant spiked clubs (chance to defeat MR: 28%)
The two-headed ogre easily resists.
Evoking this partially-identified wand wasted a few charges.
Your ice beast disappears in a puff of smoke!
The two-headed ogre hits you with a giant spiked club!!
* * * LOW HITPOINT WARNING * * *
The two-headed ogre hits you with a giant spiked club!
You die...

##...#..##..<.# ..
##.......#....## ..
#.......[)....# .
#.............# #.
#.........######
.##.........#
..##.......#
###..........#
#..@.........#######
#...O...............
#.....ยง.....).......
###...........###...
#...........###...
##................
#..........###...
############ #...
#...


You could see a two-headed ogre.

Vanquished Creatures
  The ghost of HammerPanzer the Basher, a novice DsBe of Trog (D:6)
  Eustachio (D:5)
  A hungry ghost (D:7)
  An ice beast (D:7)
  An orc warrior (D:6)
  2 phantoms
  3 centaurs
  2 big kobolds (D:3)
  5 bullfrogs
  2 scorpions
  2 wights (D:8)
  A howler monkey (D:6)
  5 crimson imps
  An orc wizard (D:7)
  3 hounds
  A worker ant (D:7)
  A hound zombie (D:7)
  7 adders
  8 gnolls
  A shadow imp (D:6)
  An ooze (D:3)
  An adder skeleton (D:7)
  2 worms
  3 leopard geckos
  13 orcs
  2 ball pythons
  10 bats
  6 giant cockroaches
  9 hobgoblins
  2 jackals (D:2)
  A quokka (D:2)
  6 frilled lizards
  10 goblins
  40 kobolds
  A quokka skeleton (D:7)
  7 rats
163 creatures vanquished.

Vanquished Creatures (collateral kills)
  Pikel (D:8)
  The ghost of gungr the Insei, an amateur OpTm (D:3)
  An orc warrior (D:6)
  A slave (D:8)
  A black bear (D:7)
  2 big kobolds (D:3)
  A bullfrog (D:7)
  2 wights (D:8)
  2 crimson imps
  A centaur skeleton (D:4)
  An orc priest (D:6)
  An orc wizard (D:6)
  3 worker ants
  A howler monkey skeleton (D:6)
  2 adders
  An adder zombie (D:5)
  3 orcs (D:6)
  A hobgoblin (D:2)
  A quokka (D:6)
  8 kobolds (D:3)
  A leopard gecko zombie (D:6)
36 creatures vanquished.

Vanquished Creatures (others)
  A slave (D:8)
1 creature vanquished.

Grand Total: 200 creatures vanquished

Notes
Turn   | Place    | Note
-------+----------+-------------------------------------------
     0 | D:1      | Folque the Octopode Wizard began the quest for the Orb.
     0 | D:1      | Reached XP level 1. HP: 11/11 MP: 4/4
   113 | D:1      | Reached skill level 1 in Fighting
   358 | D:1      | Reached XP level 2. HP: 18/18 MP: 6/6
   469 | D:1      | Learned a level 2 spell: Call Imp
   472 | D:1      | Learned a level 2 spell: Blink
   860 | D:2      | Found a glowing golden altar of the Shining One.
   871 | D:2      | Reached XP level 3. HP: 24/24 MP: 7/7
  1369 | D:2      | Reached XP level 4. HP: 31/31 MP: 1/9
  1912 | D:3      | Noticed gungr's ghost (amateur OpTm)
  1982 | D:3      | Killed gungr's ghost
  1982 | D:3      | Reached XP level 5. HP: 37/37 MP: 0/10
  1987 | D:3      | Learned a level 3 spell: Mephitic Cloud
  2224 | D:3      | Found a stormy altar of Qazlal.
  2329 | D:3      | Reached skill level 4 in Spellcasting
  2329 | D:3      | Reached skill level 1 in Poison Magic
  2410 | D:3      | Noticed a big kobold
  2415 | D:3      | Noticed a big kobold
  2426 | D:3      | Killed a big kobold
  2426 | D:3      | Reached XP level 6. HP: 16/43 MP: 1/12
  2685 | D:3      | Learned a level 3 spell: Spider Form
  3476 | D:3      | Reached XP level 7. HP: 48/48 MP: 4/13
  4549 | D:4      | Found Jauth's General Store.
  4951 | D:4      | Found a sacrificial altar of Ru.
  4952 | D:4      | Found an opulent altar of Gozag.
  5108 | D:5      | Entered Level 5 of the Dungeon
  5315 | D:5      | Noticed Eustachio
  5344 | D:5      | Reached skill level 5 in Conjurations
  5397 | D:5      | Killed Eustachio
  5397 | D:5      | Reached XP level 8. HP: 36/54 MP: 1/14
  5403 | D:5      | Learned a level 4 spell: Summon Ice Beast
  5535 | D:5      | Found a shadowy altar of Dithmenos.
  5535 | D:5      | Found a shimmering altar of Xom.
  5548 | D:5      | Found a shattered altar of Ashenzari.
  5783 | D:5      | Reached skill level 1 in Ice Magic
  6161 | D:6      | Found a staircase to the Ecumenical Temple.
  6388 | D:6      | Reached skill level 5 in Ice Magic
  6450 | D:6      | Noticed HammerPanzer's ghost (novice DsBe)
  6514 | Temple   | Entered the Ecumenical Temple
  6524 | Temple   | Became a worshipper of Vehumet
  6807 | D:6      | Reached XP level 9. HP: 58/58 MP: 4/15
  7042 | D:6      | Killed HammerPanzer's ghost
  7042 | D:6      | Reached skill level 5 in Spellcasting
  7308 | D:7      | Reached skill level 6 in Spellcasting
  7317 | D:7      | Learned a level 4 spell: Throw Icicle
  7862 | D:8      | Reached * piety under Vehumet
  7862 | D:8      | Offered knowledge of Shock by Vehumet.
  7865 | D:8      | Learned a level 1 spell: Shock
  7895 | D:8      | Noticed Pikel
  7906 | D:8      | Reached skill level 7 in Spellcasting
  7907 | D:8      | Noticed Joseph
  8271 | D:8      | Noticed a two-headed ogre
  8277 | D:8      | Killed Pikel
  8277 | D:8      | Reached skill level 8 in Spellcasting
  8300 | D:8      | Slain by a two-headed ogre

Skill      XL: |  1  2  3  4  5  6  7  8  9 |
---------------+----------------------------+-----
Fighting       | 1 2 3 4 |  4.1
Spellcasting   | 4 8 |  8.2
Poison Magic   | 2 3 |  3.1
Conjurations   | 2 3 5 |  5.5
Summonings     | 3 4 |  4.6
Ice Magic      | 5 |  5.0
Polearms       | 2 |  2.5
Dodging        | |  2.0
Stealth        | |  2.6
Translocations | |  1.0

Action                   |  1- 3 |  4- 6 |  7- 9 || total
-------------------------+-------+-------+-------++-------
Melee: Tentacles         |     7 |    10 |    25 ||    42
       Club              |     3 |       |       ||     3
       Constrict         |     6 |    27 |    33 ||    66
       Dagger            |    37 |    17 |       ||    54
       Short sword       |     1 |    83 |   102 ||   186
       Unarmed           |     1 |    12 |     1 ||    14
       Spear             |     2 |       |    12 ||    14
       Halberd           |       |       |    83 ||    83
 Cast: Magic Dart        |    18 |    72 |    90 ||   180
       Call Imp          |     8 |    16 |    37 ||    61
       Mephitic Cloud    |       |     5 |    10 ||    15
       Blink             |       |     1 |    13 ||    14
       Spider Form       |       |     2 |     1 ||     3
       Summon Ice Beast  |       |       |    13 ||    13
       Shock             |       |       |    16 ||    16
       Throw Icicle      |       |       |     2 ||     2
Evoke: Wand              |       |       |     4 ||     4
  Use: Scroll            |     5 |     3 |     7 ||    15
       Potion            |       |     1 |     3 ||     4
 Stab: Sleeping          |    10 |     2 |     5 ||    17
       Confused          |       |       |     6 ||     6
       Paralysed         |       |       |     4 ||     4
       Distracted        |       |       |     1 ||     1
  Eat: Chunk             |     1 |     5 |    17 ||    23
       Fruit             |       |     3 |     1 ||     4
       Bread ration      |       |     1 |       ||     1
Armor: Skin              |     4 |    20 |    24 ||    48
Dodge: Dodged            |    29 |    96 |   118 ||   243
